 Dungeon Crawl Stone Soup version 0.18.1-50-g88ac8fd (webtiles) character file.

139 barreyi the Charmwright (level 5, -4/38 HPs)
             Began as a Human Skald on Nov 8, 2016.
             Slain by an iguana (8 damage)
             ... on level 4 of the Dungeon.
             The game lasted 00:29:53 (3078 turns).

barreyi the Charmwright (Human Skald)               Turns: 3078, Time: 00:29:54

Health: -4/38      AC:  8    Str: 13    XL:     5   Next: 46%
Magic:  0/8        EV:  7    Int: 12    God:
Gold:   146        SH:  0    Dex: 13    Spells: 3 memorised, 3 levels left

rFire  . . .     SeeInvis .     j - +2 short sword (protect)
rCold  . . .     Gourm    .     E - +0 leather armour
rNeg   . . .     Faith    .     (no shield)
rPois  .         Spirit   .     (no helmet)
rElec  .         Dismiss  .     (no cloak)
rCorr  .         Reflect  .     (no gloves)
SustAt +         Harm     .     (no boots)
MR     .....                    (no amulet)
Stlth  +.........               (no ring)
                                e - ring of sustain attributes

@: infused (expiring), singing, not resistant to hostile enchantments, very
unstealthy
A: no striking features
a: Stop Singing


You were on level 4 of the Dungeon.
You were hungry.

You visited 1 branch of the dungeon, and saw 4 of its levels.

You collected 146 gold pieces.

Inventory:

Hand Weapons
 a - a +0 mace
 j - a +2 short sword of protection (weapon)
Missiles
 d - 72 stones
 v - 41 bolts
 D - 18 poisoned needles (quivered)
Armour
 b - a +0 leather armour
 E - a +0 leather armour (worn)
Jewellery
 e - a ring of sustain attributes (left hand)
Wands
 H - a wand of flame (19/48)
Scrolls
 m - a scroll of amnesia
 z - a scroll of random uselessness {unknown}
 M - 2 scrolls of remove curse {unknown}
Potions
 g - a potion of might {unknown}
 h - a potion of resistance {unknown}
 k - a potion of degeneration
 p - a potion of berserk rage {unknown}
 t - 2 potions of agility {unknown}
 u - a potion of cure mutation {unknown}
 A - a potion of brilliance {unknown}
Books
 c - a book of Battle

   Spells                             Type                      Level
   a - Infusion                       Charms                       1
   b - Shroud of Golubria             Charms/Translocation         2
   c - Song of Slaying                Charms                       2
   d - Spectral Weapon                Hexes/Charms                 3
   e - Regeneration                   Charms/Necromancy            3
Comestibles
 f - 2 chunks of flesh
 q - 2 slices of pizza
 w - a beef jerky
 C - 2 bread rations


   Skills:
 + Level 2.2 Fighting
 + Level 1.0 Short Blades
 + Level 2.4 Maces & Flails
 + Level 2.0 Armour
 + Level 3.0 Dodging
 + Level 0.7 Stealth
 + Level 2.3 Spellcasting
 + Level 3.4 Charms


You had 3 spell levels left.
You knew the following spells:

 Your Spells              Type           Power        Failure   Level  Hunger
a - Infusion              Chrm           #...         10%         1    ##.....
b - Song of Slaying       Chrm           #.......     14%         2    ###....
c - Shroud of Golubria    Chrm/Tloc      #.........   28%         2    ###....


Dungeon Overview and Level Annotations

Branches:
Dungeon (4/15)
 Temple: D:4-7

Altars:
Dithmenos
Elyvilon
Fedhas
Kikubaaqudgha
Makhleb
Okawaru
Ru

Annotations:
D:3 Makhleb
D:4 nicmower's ghost, amateur HuGl


Message History

The orc barely misses you. The giant cockroach misses you. The orc misses you.
The hound bites you.
A jackal comes into view.
You hit the orc.
The orc is moderately wounded.
The iguana closely misses you. The hound bites you but does no damage.
The giant cockroach misses you. The orc closely misses you.
The orc hits you but does no damage. The iguana misses you.
You hit the orc!
You kill the orc!
Your Short Blades skill increases to level 1!
The hound bites you. The giant cockroach barely misses you.
The hound bites you but does no damage. The orc hits you but does no damage.
The hound barely misses you. The iguana bites you!
* * * LOW HITPOINT WARNING * * *
The giant cockroach barely misses you. The hound closely misses you.
The hound barely misses you.
The giant cockroach bites you but does no damage.
The orc barely misses you. The iguana bites you!
You die...

#... #.#.#
#.#..#
#.#...# .....
##...####
#h(.....#
#@o.....#
#.lhs.h....
#....W....(..
#$.#.........
#.###.......#
#. ........#
# ........h
####..###


You could see an iguana, 2 hounds, nicmower's ghost, an orc, 2 jackals and a
giant cockroach.

Vanquished Creatures
  5 gnolls
  2 adders (D:3)
  A dart slug (D:3)
  A giant gecko (D:3)
  7 orcs
  3 giant cockroaches
  10 goblins
  5 hobgoblins
  2 jackals (D:3)
  9 kobolds
  9 bats
  3 giant newts
  7 rats
64 creatures vanquished.

Notes
Turn   | Place    | Note
--------------------------------------------------------------
     0 | D:1      | barreyi the Human Skald began the quest for the Orb.
     0 | D:1      | Reached XP level 1. HP: 16/16 MP: 3/3
   328 | D:1      | Reached XP level 2. HP: 12/22 MP: 5/5
   474 | D:1      | Learned a level 2 spell: Song of Slaying
   692 | D:1      | Reached XP level 3. HP: 27/27 MP: 3/6
  1563 | D:2      | Found a sacrificial altar of Ru.
  1704 | D:2      | Found a faded altar to an unknown god.
  1785 | D:2      | Found a shadowy altar of Dithmenos.
  1787 | D:2      | Found an iron altar of Okawaru.
  1789 | D:2      | Found an ancient bone altar of Kikubaaqudgha.
  1789 | D:2      | Found a white marble altar of Elyvilon.
  1989 | D:2      | You fall through a shaft!
  2038 | D:3      | Reached XP level 4. HP: 24/33 MP: 7/7
  2294 | D:3      | Found a blossoming altar of Fedhas.
  2344 | D:3      | Reached XP level 5. HP: 34/38 MP: 2/8
  2419 | D:3      | Learned a level 2 spell: Shroud of Golubria
  2724 | D:3      | Found a sacrificial altar of Ru.
  2883 | D:3      | Found a burning altar of Makhleb.
  3075 | D:4      | Noticed nicmower's ghost (amateur HuGl)
  3077 | D:4      | Reached skill level 1 in Short Blades
  3078 | D:4      | Slain by an iguana

Skill      XL: |  1  2  3  4  5 |
---------------+----------------+-----
Dodging        | 2 3 |  3.0
Armour         | 2 |  2.0
Short Blades   | 1 |  1.0
Fighting       | |  2.2
Maces & Flails | |  2.4
Stealth        | |  0.7
Spellcasting   | |  2.3
Charms         | |  3.4

Action                   |  1- 3 |  4- 6 || total
-------------------------+-------+-------++-------
Melee: Mace              |    63 |       ||    63
       Short sword       |    69 |    67 ||   136
Throw: Stone             |       |     4 ||     4
 Cast: Song of Slaying   |     4 |     2 ||     6
       Infusion          |       |     7 ||     7
       Shroud of Golubri |       |     3 ||     3
  Use: Scroll            |     3 |       ||     3
  Eat: Bread ration      |     1 |       ||     1
       Chunk             |       |     3 ||     3
Armor: Leather armour    |    80 |    41 ||   121
Dodge: Dodged            |   136 |    58 ||   194
